Map: Acropolis LE

Players

Fable

  • Race: Terran Terran
  • League: Master
  • Spawn Location: 5:00

Mez - Winner!

  • Race: Terran Terran
  • League: Master
  • Spawn Location: 11:00

VOD

Have the link to the VOD?

Description

Time

  • Played on: Aug. 21, 2019, 3:04 p.m.
  • Length: 13:52
Show
View Real Time Build Order
Export as new Build Order

Fable Terran 

Build Orders: Gas First Reaper Expand, Hellion Opening 

Get SALT Encoding   

  12  0:00  SCV  
  13  0:12  SCV  
  14  0:18  Supply Depot  
  14  0:25  SCV  
  15  0:32  Refinery  
  15  0:39  SCV  
  16  0:44  Barracks  
  16  0:51  SCV  
  17  1:03  SCV  
  18  1:15  SCV  
  19  1:31  Orbital Command, Reaper  
  20  1:44  Command Center  
  20  1:57  Factory  
  20  2:00  SCV  
  21  2:11  Barracks Reactor  
  21  2:12  SCV  
  21  2:14  Supply Depot  
  22  2:24  SCV  
  22  2:25  Refinery  
  22  2:39  SCV  
  23  2:54  Starport  
  23  2:55  Hellion  
  23  2:56  Hellion, Barracks Tech Lab  
  27  2:59  SCV  
  28  3:11  SCV  
  29  3:12  Orbital Command  
  29  3:17  Hellion x2  
  33  3:27  SCV, Barracks Tech Lab  
  34  3:39  SCV x2  
  34  3:40  Hellion  
  34  3:41  Raven, Hellion  
  42  3:45  Refinery  
  42  3:53  Supply Depot  
  42  3:54  SCV x2  
  44  4:06  SCV  
  44  4:08  SCV  
  46  4:10  Supply Depot  
  46  4:14  Marine x2  
  48  4:17  Cyclone  
  48  4:18  SCV  
  48  4:20  SCV  
  53  4:32  Marine, Raven  
  55  4:48  SCV x2  
  55  4:49  Marine, Siege Tank  
  55  4:50  Marine  
  55  4:52  Supply Depot  
  62  5:00  Command Center  
  62  5:03  Supply Depot  
  62  5:08  SCV x2  
  60  5:16  Marine x2  
  60  5:21  Siege Tank, SCV x2  
  64  5:23  Supply Depot  
  67  5:29  Barracks  
  67  5:30  Barracks  
  67  5:33  SCV  
  67  5:35  Raven  
  70  5:36  SCV  
  71  5:45  SCV  
  70  5:53  SCV  
  70  5:55  Marine x2, Siege Tank  
  70  5:57  SCV  
  70  5:59  Engineering Bay  
  70  6:00  Supply Depot, Engineering Bay  
  71  6:05  SCV  
  71  6:09  SCV  
  73  6:17  SCV, Orbital Command  
  75  6:19  Barracks Reactor x2  
  75  6:21  SCV  
  74  6:27  Siege Tank  
  74  6:29  SCV  
  74  6:32  Terran Infantry Armor Level 1, Supply Depot, Refinery, Terran Infantry Weapons Level 1  
  78  6:33  SCV  
  78  6:35  Marine  
  77  6:53  Marine  
  78  6:59  Siege Tank  
  78  7:01  SCV x2  
  84  7:02  Marine x4  
  87  7:10  Supply Depot  
  87  7:11  Marine  
  87  7:13  Armory  
  87  7:14  Stimpack  
  88  7:16  SCV x2  
  88  7:20  Marine, Orbital Command  
  91  7:26  Sensor Tower  
  91  7:29  Marine  
  92  7:31  Missile Turret  
  92  7:35  Marine x2  
  92  7:36  Marine  
  95  7:37  Marine, Siege Tank  
  95  7:39  Medivac, Missile Turret x2  
  101  7:46  Barracks  
  101  7:47  Marine  
  101  7:48  Barracks, Supply Depot  
  101  7:50  SCV x3  
  105  7:59  Marine x2  
  105  8:02  SCV x3  
  105  8:05  Supply Depot  
  110  8:06  Supply Depot  
  110  8:07  Marine x3  
  110  8:09  Refinery x2  
  112  8:17  Marine  
  108  8:28  Marine x3  
  108  8:30  Siege Tank  
  108  8:33  Terran Vehicle Weapons Level 1  
  115  8:34  Marine  
  115  8:35  SCV x2, Supply Depot  
  115  8:38  Barracks Reactor x2  
  117  8:43  Command Center  
  117  8:44  SCV, Supply Depot x2  
  117  8:47  SCV x2  
  120  8:49  Marine x4  
  120  8:53  Combat Shield  
  124  8:56  Medivac x2  
  124  8:57  SCV  
  124  8:58  Marine  
  124  9:24  SCV x2  
  107  9:50  Marine x5  
  107  9:51  Marine x2  
  107  9:52  Siege Tank, Medivac x2  
  116  9:56  Terran Infantry Armor Level 2  
  116  9:58  Barracks  
  116  9:59  Barracks x2, Supply Depot  
  118  10:06  Marine  
  120  10:08  Marine x3  
  120  10:11  SCV  
  120  10:13  Sensor Tower  
  123  10:16  Factory  
  117  10:22  Medivac  
  117  10:24  Siege Tank, Barracks Reactor  
  122  10:28  Marine x2  
  122  10:29  Marine x5  
  122  10:32  Terran Infantry Weapons Level 2  
  122  10:34  Supply Depot  
  129  10:40  Marine  
  129  10:42  Planetary Fortress  
  130  10:44  SCV x3  
  130  10:45  Missile Turret  
  130  10:46  Marine x3  
  136  10:50  Barracks Reactor x3  
  136  10:54  Missile Turret  
  136  10:55  Terran Vehicle Weapons Level 2, Missile Turret  
  136  10:56  Siege Tank, SCV x3, Supply Depot  
  142  10:58  Missile Turret  
  142  11:08  SCV  
  142  11:11  Missile Turret  
  143  11:14  Marine, Siege Tank  
  143  11:15  Marine x6  
  153  11:28  Siege Tank  
  156  11:33  Marine x7  
  156  11:34  Marine x7  
  156  11:38  Marine x2  
  172  11:46  Siege Tank  
  175  11:50  Marine  
  175  11:51  Marine x3  
  172  12:00  Siege Tank  
  160  12:01  Medivac  
  160  12:02  Medivac  
  160  12:03  SCV x2  
  132  12:20  Marine  
  132  12:21  Marine x3  
  132  12:22  Marine x4  
  99  12:23  Marine x4  
  88  12:30  Marine x3  
  88  12:31  Medivac x2  
  88  12:33  SCV x2  
  88  12:34  SCV x2  
  96  12:42  Siege Tank x2  
  102  12:45  Marine, SCV x2  
  102  12:46  Marine  
  106  12:59  Marine x3  
  106  13:01  Marine  
  106  13:02  Marine x3  
  113  13:16  Marine x4  
Show
View Real Time Build Order
Export as new Build Order

Mez Terran - Winner!

Build Orders: Gas First Reaper Expand 

Get SALT Encoding   

  12  0:00  SCV  
  13  0:13  SCV  
  14  0:17  Supply Depot  
  14  0:25  SCV  
  15  0:30  Refinery  
  15  0:39  SCV  
  16  0:44  Barracks  
  16  0:51  SCV  
  17  1:03  SCV  
  18  1:15  SCV  
  19  1:32  Orbital Command, Reaper  
  20  1:48  Command Center  
  20  1:55  Barracks  
  20  1:58  SCV  
  21  2:04  Barracks Reactor  
  21  2:09  Supply Depot  
  21  2:11  SCV  
  22  2:19  Barracks  
  22  2:25  SCV  
  23  2:39  SCV  
  24  2:44  Marine x2, Barracks Tech Lab  
  24  2:51  SCV  
  27  3:04  Stimpack, Marauder  
  30  3:05  SCV  
  30  3:07  Marine, Barracks Tech Lab  
  30  3:08  Marine  
  32  3:14  Orbital Command  
  32  3:19  SCV  
  33  3:26  Marine x2  
  35  3:27  Marine x2  
  35  3:28  Combat Shield  
  35  3:31  SCV  
  38  3:37  Supply Depot  
  38  3:41  SCV  
  39  3:43  SCV  
  39  3:44  Marine x2  
  42  3:50  Marine  
  42  3:51  Marine  
  42  3:53  SCV  
  42  3:55  SCV  
  46  4:01  Refinery x2  
  46  4:02  Factory  
  46  4:04  Supply Depot  
  46  4:05  SCV  
  46  4:07  SCV  
  46  4:08  Marine x2  
  50  4:16  Marauder x2  
  53  4:18  SCV  
  54  4:26  SCV  
  54  4:28  Supply Depot  
  54  4:30  SCV  
  54  4:46  Concussive Shells  
  54  4:47  Marine x2, Marauder  
  57  4:57  Marine  
  58  5:00  Starport, Factory Reactor  
  58  5:02  SCV x2  
  60  5:09  Supply Depot  
  60  5:11  Engineering Bay  
  60  5:12  Engineering Bay  
  59  5:14  Marine  
  59  5:15  Marine, Command Center  
  59  5:18  Marauder  
  62  5:22  Marauder  
  62  5:23  SCV  
  62  5:27  SCV  
  66  5:31  Supply Depot  
  66  5:41  Marine x3  
  68  5:43  Marine  
  65  5:55  SCV x2  
  67  5:57  Refinery  
  67  6:02  Terran Infantry Armor Level 1, Terran Infantry Weapons Level 1  
  67  6:04  Medivac  
  67  6:05  Medivac  
  67  6:07  Marine  
  67  6:10  Marine  
  75  6:11  SCV  
  75  6:12  SCV  
  77  6:24  SCV, Supply Depot  
  76  6:27  SCV, Barracks Reactor  
  76  6:28  Barracks x2, Orbital Command  
  77  6:32  Barracks Reactor  
  77  6:34  Marine x2  
  77  6:39  Medivac x2  
  83  6:43  SCV x2  
  85  6:48  Supply Depot  
  85  6:49  Siege Tank  
  85  6:53  SCV  
  89  6:55  SCV  
  89  6:57  Marine x2  
  92  7:05  Armory  
  92  7:06  Marine  
  92  7:07  Marine  
  93  7:13  Factory  
  93  7:15  Marine  
  94  7:23  Barracks Reactor x2  
  94  7:24  Marine x4  
  94  7:25  Siege Tank  
  94  7:26  Medivac  
  94  7:28  SCV x3  
  106  7:39  Marine  
  106  7:40  SCV x2  
  106  7:42  Supply Depot  
  106  7:43  Supply Depot  
  109  7:48  Marine x5  
  114  7:52  SCV x2  
  114  7:57  Marine  
  117  8:06  Marine  
  117  8:12  Marine x8  
  111  8:13  Terran Infantry Armor Level 2, Terran Infantry Weapons Level 2  
  111  8:15  Marine  
  104  8:24  Marine  
  104  8:25  Siege Tank  
  103  8:28  Siege Tank  
  103  8:30  Marine x5  
  111  8:41  Terran Vehicle Weapons Level 1  
  111  8:42  Marine x5  
  111  8:44  SCV  
  111  8:45  SCV  
  111  8:46  Command Center  
  118  8:49  Supply Depot  
  118  8:52  Supply Depot  
  118  8:55  Refinery  
  118  9:05  Marine x10  
  125  9:22  Marine  
  125  9:23  Marine  
  125  9:24  Marine x8  
  126  9:25  Siege Tank x2  
  126  9:27  Medivac x2  
  119  9:40  Marine  
  119  9:41  Marine x3  
  119  9:44  Marine x6  
  112  9:57  Siege Tank x2  
  112  9:58  Marine  
  112  9:59  Marine  
  120  10:01  Barracks  
  120  10:02  Barracks x2  
  110  10:22  Marine x9  
  119  10:31  Supply Depot  
  119  10:33  Refinery  
  119  10:34  Marine  
  119  10:35  Siege Tank x2  
  123  10:40  Marine x2  
  128  10:47  Marine x2  
  128  10:49  SCV x3  
  134  10:50  Supply Depot x2  
  134  10:56  Medivac x2  
  134  10:57  Marine x4  
  137  10:58  Marine x2  
  137  10:59  Barracks Reactor x2  
  137  11:01  SCV  
  143  11:19  Marine x8  
  143  11:22  Barracks Reactor x2  
  150  11:37  Marine x8  
  150  11:38  Siege Tank  
  161  11:41  Siege Tank  
  160  12:04  Marine  
  160  12:05  Marine x12  
  160  12:07  SCV  
  159  12:18  Marine  
  159  12:19  Marine x2  
  159  12:22  Marine x5  
  129  12:37  SCV x2, Planetary Fortress  
  129  12:38  SCV  
  132  12:49  SCV  
  132  12:50  SCV  
  134  12:57  Marine x3  
  134  12:58  Marine x6  
  141  13:08  Marine x4  
  141  13:09  Siege Tank x2  
Tags
 
Add a new tag
Caveats
  • Supply blocks, unpowered buildings, or Contaminate may cause inaccurate times.
  • Supply counts are checked every 10 seconds.